 Dungeon Crawl Stone Soup version 0.22.0 (webtiles) character file.

129 BigChef the Poker (level 4, -13/35 (37) HPs)
             Began as a Demonspawn Chaos Knight on Aug 29, 2018.
             Mangled by an orc warrior
             ... wielding a +0 mace
              (14 damage)
             ... on level 7 of the Dungeon.
             The game lasted 00:03:28 (987 turns).

BigChef the Poker (Demonspawn Chaos Knight)          Turns: 987, Time: 00:03:30

HP:   -13/35 (37)   AC:  6    Str: 14    XL:     4   Next: 88%
MP:   4/4           EV: 11    Int: 13    God:    Xom [..*...]
Gold: 72            SH:  0    Dex: 12    Spells: 3/3 levels left

rFire    . . .     SeeInvis .   a - +0 spear (chaos)
rCold    . . .     Gourm    .   (no shield)
rNeg     . . .     Faith    .   b - +3 leather armour
rPois    .         Spirit   .   (helmet restricted)
rElec    .         Reflect  .   (no cloak)
rCorr    .         Harm     .   (no gloves)
MR       .....                  (no boots)
Stlth    +.........             (no amulet)
HPRegen  0.11/turn              (no ring)
MPRegen  0.09/turn              (no ring)

@: no status effects
A: antennae 1
a: Renounce Religion


You were on level 7 of the Dungeon.
You worshipped Xom.
You were a toy of Xom.
You were not hungry.

You visited 1 branch of the dungeon, and saw 7 of its levels.

You collected 72 gold pieces.

Inventory:

Hand Weapons
 a - a +0 spear of chaos (weapon)
Armour
 b - a +3 leather armour (worn)
Potions
 d - a potion of heal wounds
 e - a potion of brilliance
Comestibles
 c - 4 rations


   Skills:
 + Level 4.0 Fighting
 + Level 4.0 Polearms
 + Level 2.3 Armour
 + Level 1.2 Dodging
 + Level 0.3 Stealth


You had 3 spell levels left.
You didn't know any spells.
Your spell library was empty.

Dungeon Overview and Level Annotations

Branches:
Dungeon (7/15)             Temple (0/1) D:7

Altars:
Elyvilon


Innate Abilities, Weirdness & Mutations

You have a pair of small antennae on your head.


Message History

The orc shouts!
The orc priest hits you with a flail. The orc warrior hits you with a mace!!
Ouch! That really hurt!
* * * LOW HITPOINT WARNING * * *
A shower of butterflies erupts from you!
You barely miss the orc. The orc priest hits you with a flail.
* * * LOW HITPOINT WARNING * * *
The orc barely misses you.
The orc hits your butterfly but does no damage.
You hit the orc.
The orc is moderately wounded.
The orc warrior misses you.
You closely miss the orc.
The orc is moderately wounded.
The orc misses you. The orc barely misses your butterfly.
The orc priest hits you with a flail.
* * * LOW HITPOINT WARNING * * *
The orc warrior hits you with a mace!
You die...
Xom thinks this is hilarious!

**.........##
*........## *****
*#.......# **,,,***
######...#**#..,,,,,
#...##...##....,,,,,
*#....b.........,,,,
##.b.%b..##....,,,,
###oo.####*,,..,,,,
#.@ol..# *,,,,,,,*
#o###..#* **,,,,,**
### ##..#* **,,***
***#o.# ****
*,,,..#* *,,,#..#
*****#.#* *,,**
**,,*


You could see an orc warrior, an iguana, an orc priest and 2 orcs.

Vanquished Creatures
  A necrophage (D:7)
  A hound (D:6)
  2 orcs
  3 bats
  A giant cockroach (D:1)
  A goblin (D:3)
  2 hobgoblins (D:1)
  A jackal (D:6)
  2 frilled lizards (D:1)
  A giant cockroach zombie (D:5)
  4 kobolds
  A rat (D:3)
20 creatures vanquished.

Notes
Turn   | Place    | Note
-------+----------+-------------------------------------------
     0 | D:1      | BigChef the Demonspawn Chaos Knight began the quest for the Orb.
     0 | D:1      | Reached XP level 1. HP: 18/18 MP: 1/1
    66 | D:1      | XOM: harmless Hex miscast
   194 | D:1      | Gained mutation: You have a pair of small antennae on your head. [demonic ancestry]
   194 | D:1      | Reached XP level 2. HP: 20/24 MP: 2/2
   447 | D:4      | Noticed a big kobold
   447 | D:4      | XOM: silly message
   454 | D:4      | XOM: potion effect (haste)
   455 | D:5      | Entered Level 5 of the Dungeon
   455 | D:5      | Noticed a sky beast
   458 | D:4      | XOM: silly message
   459 | D:4      | XOM: cast spell 'Summon Ice Beast'
   476 | D:5      | Noticed a crimson imp
   488 | D:5      | Found a white marble altar of Elyvilon.
   514 | D:5      | XOM: confuse monster(s)
   551 | D:6      | XOM: potion effect (brilliance)
   552 | D:6      | Reached skill level 1 in Dodging
   552 | D:6      | Reached XP level 3. HP: 15/29 MP: 3/3
   631 | D:6      | XOM: harmless Summ miscast
   723 | D:7      | Noticed a necrophage
   737 | D:7      | XOM: harmless Chrm miscast
   738 | D:7      | XOM: potion effect (berserk rage)
   748 | D:7      | Killed a necrophage
   748 | D:7      | Reached XP level 4. HP: 35/35 MP: 4/4
   977 | D:7      | Noticed an orc warrior
   984 | D:7      | XOM: butterfly on damage
   987 | D:7      | HP: 1/35 [orc priest/flail (4)]
   987 | D:7      | Mangled by an orc warrior

Skill      XL: |  1  2  3 |
---------------+----------+-----
Polearms       | 3 4 |  4.0
Armour         | 2 |  2.3
Dodging        | 1 |  1.2
Fighting       | 4 |  4.0
Stealth        | |  0.3

Action                   |  1- 3 |  4- 6 || total
-------------------------+-------+-------++-------
Melee: Spear             |    91 |     4 ||    95
  Use: Scroll            |     5 |     1 ||     6
       Potion            |     3 |       ||     3
Armor: Leather armour    |    37 |       ||    37
Dodge: Dodged            |    26 |     3 ||    29
